 Dungeon Crawl Stone Soup version 0.18.1-8-gdd0e5ea (webtiles) character file.

53974 rockintein the Severer (level 14, -4/196 (198) HPs)
             Began as a Minotaur Berserker on June 5, 2016.
             Was the Champion of Trog.
             Slain by a six-headed hydra (11 damage)
             ... on level 8 of the Lair of Beasts.
             The game lasted 00:38:31 (17889 turns).

rockintein the Severer (Minotaur Berserker)        Turns: 17889, Time: 00:38:32

HP:   -4/196 (198)  AC: 23    Str: 34    XL:     14   Next: 32%
MP:   13/13         EV:  9    Int:  4    God:    Trog [******]
Gold: 1327          SH:  0    Dex: 10    Spells: 0 memorised, 13 levels left

rFire  + . .     SeeInvis .     F - +1 broad axe (flame)
rCold  . . .     Gourm    .     a - +0 plate armour
rNeg   . . .     Faith    .     (no shield)
rPois  .         Spirit   .     y - +2 hat of the Enchanted Forest {-Cast *Contam rF+ Slay+4}
rElec  .         Dismiss  .     l - +2 cloak
rCorr  .         Reflect  .     (no gloves)
SustAt .         Harm     .     C - +0 pair of boots
MR     ++++.     NoCast   +     x - amulet of regeneration
Stlth  ..........               f - +2 ring of strength
                                M - ring of protection from magic

@: berserking (expiring), regenerating, very quick, incredibly resistant to
hostile enchantments, extremely unstealthy
A: retaliatory headbutt, horns 2
a: Berserk, Trog's Hand, Brothers in Arms, Burn Spellbooks, Renounce Religion


You were on level 8 of the Lair of Beasts.
You worshipped Trog.
Trog was exalted by your worship.
You were not hungry.

You visited 2 branches of the dungeon, and saw 20 of its levels.
You also visited: Ossuary and Volcano.

You collected 1327 gold pieces.

Inventory:

Hand Weapons
 g - a +5 antimagic executioner's axe
 F - a +1 broad axe of flaming (weapon)
Armour
 a - a +0 plate armour (worn)
 l - a +2 cloak (worn)
 y - the +2 hat of the Enchanted Forest (worn) {-Cast *Contam rF+ Slay+4}
   (You found it on level 5 of the Dungeon)

   It affects your accuracy and damage with ranged weapons and melee attacks
   (+4).
   It protects you from fire.
   It prevents spellcasting.
   It causes magical contamination when unequipped.
 C - a +0 pair of boots (worn)
Jewellery
 f - a +2 ring of strength (right hand)
 x - an amulet of regeneration (around neck)
 M - a ring of protection from magic (left hand)
 U - an uncursed ring of flight
Wands
 w - a wand of teleportation (9/9)
 J - a wand of disintegration (10/24)
 V - a wand of iceblast (5/15)
Scrolls
 b - a scroll of magic mapping
 j - 3 scrolls of identify
 m - 7 scrolls of teleportation
 r - 12 scrolls of remove curse
 s - a scroll of blinking
 t - 2 scrolls of fog
 D - 2 scrolls of recharging
 L - a scroll of fear
 P - 4 scrolls of enchant armour
Potions
 e - 5 potions of might
 h - 6 potions of curing
 i - 7 potions of flight
 n - 6 potions of haste
 u - 4 potions of ambrosia
 v - 6 potions of heal wounds
 z - 5 potions of agility
 B - 3 potions of cure mutation
 E - a potion of magic
 G - 2 potions of brilliance
 H - a potion of cancellation
 I - 3 potions of berserk rage
 S - 4 potions of resistance
 T - 2 potions of invisibility
Books
 o - a book of Alchemy

   Spells                             Type                      Level
   a - Sublimation of Blood           Necromancy                   2
   b - Ignite Poison                  Fire/Transmutation/Poison    3
   c - Petrify                        Transmutation/Earth          4
   d - Alistair's Intoxication        Transmutation/Poison         5
   e - Irradiate                      Conjuration/Transmutation    5
   Trog disapproves of the use of such an item.
 A - a book of the Dragon

   Spells                             Type                      Level
   a - Flame Tongue                   Conjuration/Fire             1
   b - Cause Fear                     Hexes                        4
   c - Bolt of Fire                   Conjuration/Fire             6
   d - Dragon Form                    Transmutation                7
   e - Dragon's Call                  Summoning                    9
   Trog disapproves of the use of such an item.
 K - a book of Cantrips

   Spells                             Type                      Level
   a - Corona                         Hexes                        1
   b - Animate Skeleton               Necromancy                   1
   c - Summon Small Mammal            Summoning                    1
   d - Apportation                    Translocation                1
   Trog disapproves of the use of such an item.
 N - an Akashic Record

   Spells                             Type                      Level
   a - Dispersal                      Translocation                6
   b - Malign Gateway                 Summoning/Translocation      7
   c - Disjunction                    Translocation                8
   d - Controlled Blink               Translocation                8
   Trog disapproves of the use of such an item.
 R - a book of Alchemy

   Spells                             Type                      Level
   a - Sublimation of Blood           Necromancy                   2
   b - Ignite Poison                  Fire/Transmutation/Poison    3
   c - Petrify                        Transmutation/Earth          4
   d - Alistair's Intoxication        Transmutation/Poison         5
   e - Irradiate                      Conjuration/Transmutation    5
   Trog disapproves of the use of such an item.
 W - a book of Cantrips

   Spells                             Type                      Level
   a - Corona                         Hexes                        1
   b - Animate Skeleton               Necromancy                   1
   c - Summon Small Mammal            Summoning                    1
   d - Apportation                    Translocation                1
   Trog disapproves of the use of such an item.
 X - a book of Debilitation

   Spells                             Type                      Level
   a - Corona                         Hexes                        1
   b - Slow                           Hexes                        2
   c - Gell's Gravitas                Hexes/Translocation          3
   d - Inner Flame                    Hexes/Fire                   3
   e - Cause Fear                     Hexes                        4
   f - Leda's Liquefaction            Hexes/Earth                  4
   Trog disapproves of the use of such an item.
Comestibles
 c - 11 bread rations
 d - 7 meat rations
 k - 14 royal jellies
 p - 2 slices of pizza
 q - 24 fruits
 O - 3 beef jerkies
 Q - 12 chunks of flesh


   Skills:
 + Level 14.2 Fighting
 * Level 20.6 Axes
 + Level 14.2 Armour
 - Level 2.1 Dodging


You had 13 spell levels left.
You didn't know any spells.

Dungeon Overview and Level Annotations

Branches:
Dungeon (12/15)            Temple (0/1) D:5            Lair (8/8) D:11
 Shoals (0/4) Lair:4       Spider (0/4) Lair:5        Slime (0/6) Lair:7
    Orc (0/2) D:10

Altars:
Ashenzari
Cheibriados
Dithmenos
Makhleb
Okawaru
Sif Muna
Vehumet
The Shining One

Shops:
D:4 =   D:7 [   D:11 :

Annotations:
Lair:1 exclusion: 4 oklob plants
Lair:8 manyhoops's ghost, journeyman OgBe


Innate Abilities, Weirdness & Mutations

You reflexively headbutt those who attack you in melee.
You have a pair of horns on your head.


Message History

You hit manyhoops's ghost. You burn manyhoops's ghost.
Manyhoops's ghost is almost destroyed.
You hack one of the seven-headed hydra's heads off!
The flame cauterises the wound!
You slash the six-headed hydra! You burn the six-headed hydra.
The six-headed hydra is moderately wounded.
You slash manyhoops's ghost! You burn manyhoops's ghost.
Manyhoops's ghost is almost destroyed.
You barely miss the six-headed hydra.
The six-headed hydra is moderately wounded.
The six-headed hydra bites you.
* * * LOW HITPOINT WARNING * * *
The six-headed hydra bites you.
* * * LOW HITPOINT WARNING * * *
The six-headed hydra bites you but does no damage.
The six-headed hydra bites you.
* * * LOW HITPOINT WARNING * * *
The six-headed hydra bites you but does no damage.
The six-headed hydra bites you!
You die... #....PP.. .P ....... #... . #..... #.÷..P .. ##....##.P.....### ...##.............P..# ..
P.#.P......P.......÷.. .P. ......†.....P.......#### .PP

......W@...P.......##..# P..
$.....D.....P.P..###....
P.#####..#......P....##......
#..⌠.###........P.÷##.<...P.
#.....##..........†#......P.
#⌠.<.⌠...........†......P###
#..................†.....#..
..##....#÷.................##.
..###.###..................###


You could see a six-headed hydra and manyhoops's ghost.

Vanquished Creatures
  Maud (D:10)
  A catoblepas (Lair:8)
  3 hydras
  Erica (D:10)
  8 death yaks
  2 ogre magi (D:12)
  The ghost of hadoken the Basher, a novice TeBe of Trog (Lair:2)
  The ghost of M4edhros the Blocker, a novice FoFi of Qazlal (D:8)
  An unseen horror (D:11)
  3 hill giants
  A lindwurm (Lair:7)
  A deep elf mage (D:12)
  4 ugly things
  An orc sorcerer (D:10)
  A griffon (Lair:7)
  4 elephants (Lair:8)
  A manticore (D:6)
  A molten gargoyle (Volcano)
  3 gargoyles (Volcano)
  4 black mambas
  6 torpor snails
  Psyche (D:11)
  6 spiny frogs
  A komodo dragon (Lair:8)
  A rime drake (Lair:6)
  2 polar bears (Lair:3)
  3 trolls
  5 two-headed ogres
  19 blink frogs
  A slime creature (D:12)
  Prince Ribbit (D:7)
  A boulder beetle (Lair:5)
  A shadow (D:11)
  A wyvern (D:11)
  A wraith (D:10)
  31 yaks
  3 hungry ghosts
  5 basilisks
  6 hippogriffs
  2 steam dragons
  Edmund (D:6)
  8 vampire mosquitoes (D:12)
  A mottled dragon (D:12)
  8 water moccasins
  8 porcupines
  6 orc warriors
  9 ice beasts
  2 phantoms
  2 wasps
  A black bear (Lair:3)
  6 sky beasts
  An eye of draining (D:12)
  14 ogres
  4 wolves (Lair:5)
  4 necrophages (Lair:2)
  4 centaurs
  12 crocodiles
  2 big kobolds
  3 gnoll sergeants
  13 giant frogs
  A wyvern skeleton (D:11)
  5 scorpions
  A troll zombie (D:10)
  6 wights
  20 killer bees
  A howler monkey (D:9)
  2 electric eels
  A centaur zombie (D:7)
  7 crimson imps
  2 centaur skeletons
  19 jellies
  2 giant frog skeletons
  5 hounds
  A gnoll shaman (D:4)
  4 orc priests
  Jessica (D:3)
  Terence (D:3)
  9 iguanas
  11 worker ants
  10 orc wizards
  7 hell rats (Lair:2)
  34 sheep
  7 ogre zombies (D:10)
  2 hound zombies
  13 mummies
  Robin (D:3)
  A howler monkey skeleton (D:6)
  22 gnolls
  15 adders
  74 river rats
  6 shadow imps
  7 oozes
  2 adder skeletons
  6 worms
  2 dart slugs
  4 giant geckos
  53 orcs
  7 giant cockroaches
  15 goblins
  11 hobgoblins
  14 jackals
  2 quokkas
  8 ball pythons
  9 bats
  2 giant gecko skeletons
  A giant gecko zombie (D:8)
  2 giant newts
  A gnoll skeleton (Ossuary)
  3 goblin skeletons
  2 goblin zombies (D:10)
  3 hobgoblin skeletons (D:10)
  2 hobgoblin zombies (D:10)
  15 kobolds
  3 kobold skeletons (Ossuary)
  4 orc skeletons
  15 orc zombies (D:10)
  A quokka zombie (D:5)
  29 rats
  11 rat skeletons (Ossuary)
  A bush (Lair:7)
  23 fungi
  5 plants
803 creatures vanquished.

Vanquished Creatures (others)
  A gnoll (D:6)
  7 fungi
  A plant (D:11)
9 creatures vanquished.

Grand Total: 812 creatures vanquished

Notes
Turn   | Place    | Note
--------------------------------------------------------------
     0 | D:1      | rockintein the Minotaur Berserker began the quest for the Orb.
     0 | D:1      | Reached XP level 1. HP: 19/19 MP: 0/0
    45 | D:1      | Reached skill level 4 in Axes
   197 | D:1      | Reached XP level 2. HP: 25/26 MP: 1/1
   379 | D:1      | Reached ** piety under Trog
   650 | D:1      | Reached skill level 5 in Axes
   858 | D:2      | Reached XP level 3. HP: 26/31 MP: 2/2
  1107 | D:2      | Found a shattered altar of Ashenzari.
  1829 | D:2      | Found a radiant altar of Vehumet.
  1914 | D:3      | Reached XP level 4. HP: 39/39 MP: 3/3
  1915 | D:3      | Reached skill level 6 in Axes
  1984 | D:3      | Gained mutation: Scrolls take you a little longer to read. [potion of mutation]
  1984 | D:3      | Gained mutation: You are dopey. (Int -2) [potion of mutation]
  1984 | D:3      | Gained mutation: Your magical capacity is low (-10% MP). [potion of mutation]
  2110 | D:3      | Noticed Jessica
  2114 | D:3      | Reached *** piety under Trog
  2118 | D:3      | Killed Jessica
  2118 | D:3      | Reached skill level 7 in Axes
  2118 | D:3      | Reached XP level 5. HP: 45/45 MP: 3/3
  2120 | D:3      | Noticed Robin
  2129 | D:3      | Killed Robin
  2215 | D:3      | Found a deep blue altar of Sif Muna.
  2699 | D:3      | Noticed Terence
  2704 | D:3      | Killed Terence
  2707 | D:3      | Reached skill level 8 in Axes
  2713 | D:3      | Reached XP level 6. HP: 47/51 MP: 4/4
  3115 | D:4      | Found a shadowy altar of Dithmenos.
  3142 | D:4      | Noticed a sky beast
  3157 | D:4      | Killed a sky beast
  3157 | D:4      | Reached skill level 9 in Axes
  3592 | D:4      | Found a burning altar of Makhleb.
  3644 | D:4      | Found a glowing golden altar of the Shining One.
  3792 | D:4      | Reached XP level 7. HP: 57/57 MP: 5/5
  3798 | D:4      | Reached **** piety under Trog
  4224 | D:4      | Found Xotu's Jewellery Shop.
  4393 | D:5      | Entered Level 5 of the Dungeon
  4403 | D:5      | Reached skill level 10 in Axes
  4462 | D:5      | Found a staircase to the Ecumenical Temple.
  4837 | D:5      | Reached XP level 8. HP: 40/67 MP: 6/6
  4841 | D:5      | Reached skill level 5 in Fighting
  4915 | D:5      | Got a brightly glowing hat
  4921 | D:5      | Identified the +2 hat of the Enchanted Forest {-Cast *Contam rF+ Slay+4} (You found it on level 5 of the Dungeon)
  4990 | D:5      | Reached skill level 11 in Axes
  5093 | D:5      | Received a gift from Trog
  5348 | D:6      | Noticed Edmund
  5354 | D:6      | Reached skill level 5 in Armour
  5363 | D:6      | Killed Edmund
  5562 | D:6      | Reached skill level 12 in Axes
  5594 | D:6      | Found a sand-covered staircase.
  5601 | Ossuary  | Entered an ossuary
  5616 | Ossuary  | Reached XP level 9. HP: 72/78 MP: 7/7
  5901 | Ossuary  | Lost mutation: Your magical capacity is low (-10% MP). [potion of cure mutation]
  5901 | Ossuary  | Lost mutation: You are dopey. (Int -2) [potion of cure mutation]
  5901 | Ossuary  | Lost mutation: Scrolls take you a little longer to read. [potion of cure mutation]
  6237 | D:6      | Noticed a purple ugly thing
  6238 | D:6      | Noticed a manticore
  6246 | D:6      | Killed a purple ugly thing
  6249 | D:6      | Killed a manticore
  6249 | D:6      | Reached skill level 13 in Axes
  6721 | D:6      | Identified a scroll of acquirement
  7135 | D:7      | Reached XP level 10. HP: 85/88 MP: 9/9
  7230 | D:7      | Found Geres's Armour Emporium.
  7278 | D:7      | Noticed Prince Ribbit
  7285 | D:7      | Killed Prince Ribbit
  7938 | D:8      | Reached skill level 14 in Axes
  8162 | D:8      | Noticed M4edhros's ghost (novice FoFi)
  8177 | D:8      | Killed M4edhros's ghost
  8335 | D:8      | Reached ***** piety under Trog
  8873 | D:9      | Found an iron altar of Okawaru.
  8983 | D:9      | Reached skill level 15 in Axes
  9171 | D:9      | Reached XP level 11. HP: 62/99 MP: 10/10
  9288 | D:10     | Entered Level 10 of the Dungeon
  9412 | D:10     | Found a staircase to the Orcish Mines.
  9414 | D:10     | Noticed an orc sorcerer
  9416 | D:10     | Noticed a soul eater
  9422 | D:10     | Noticed a soul eater
  9435 | D:10     | Noticed a soul eater
  9566 | D:10     | Killed an orc sorcerer
  9574 | D:10     | Reached skill level 10 in Fighting
  9718 | D:10     | Noticed Maud
  9731 | D:10     | Killed Maud
  9731 | D:10     | Reached skill level 10 in Armour
  9840 | D:10     | Reached skill level 16 in Axes
  9876 | D:10     | Noticed Erica
  9887 | D:10     | Killed Erica
  9957 | D:10     | Noticed a hill giant
  9965 | D:10     | Killed a hill giant
 10078 | D:10     | Received a gift from Trog
 10126 | D:10     | Noticed a hill giant
 10136 | D:10     | Killed a hill giant
 10432 | D:11     | Noticed Psyche
 10432 | D:11     | Noticed a purple ugly thing
 10434 | D:11     | Killed a purple ugly thing
 10440 | D:11     | Killed Psyche
 10486 | D:11     | Killed an unseen horror
 10495 | D:11     | Reached skill level 17 in Axes
 10526 | D:11     | Reached XP level 12. HP: 110/110 MP: 11/11
 10551 | D:11     | Found a staircase to the Lair.
 10690 | D:11     | Found Jeanorhu's Book Shop.
 10985 | D:12     | Noticed an ogre mage
 10996 | D:12     | Killed an ogre mage
 11033 | D:12     | Noticed an ogre mage
 11047 | D:12     | Received a gift from Trog
 11053 | D:12     | Killed an ogre mage
 11471 | D:12     | Reached skill level 18 in Axes
 11628 | Lair:1   | Entered Level 1 of the Lair of Beasts
 12695 | Lair:2   | Noticed hadoken's ghost (novice TeBe)
 12702 | Lair:2   | Killed hadoken's ghost
 13553 | Lair:3   | Noticed a five-headed hydra
 13559 | Lair:3   | Killed a one-headed hydra
 13611 | Lair:3   | Reached XP level 13. HP: 118/118 MP: 12/12
 13646 | Lair:3   | Received a gift from Trog
 14468 | Lair:4   | Received a gift from Trog
 14470 | Lair:4   | Reached ****** piety under Trog
 14620 | Lair:4   | Reached skill level 19 in Axes
 14623 | Lair:4   | Found a staircase to the Shoals.
 15468 | Lair:5   | Found a hole to the Spider Nest.
 16708 | Lair:7   | Received a gift from Trog
 16747 | Lair:7   | Found a staircase to the Slime Pits.
 16860 | Lair:7   | Found a snail-covered altar of Cheibriados.
 16898 | Lair:7   | Reached skill level 20 in Axes
 16931 | Lair:7   | Found a dark tunnel.
 16940 | Volcano  | Entered a volcano
 17613 | Lair:8   | Entered Level 8 of the Lair of Beasts
 17619 | Lair:8   | Reached XP level 14. HP: 123/129 MP: 13/13
 17694 | Lair:8   | Received a gift from Trog
 17875 | Lair:8   | Noticed manyhoops's ghost (journeyman OgBe)
 17889 | Lair:8   | HP: 9/196 [six-headed hydra (2)]
 17889 | Lair:8   | Slain by a six-headed hydra

Skill      XL: |  1  2  3  4  5  6  7  8  9 10 11 12 13 14 |
---------------+-------------------------------------------+-----
Axes           | 4 5 7 8 9 10 12 13 15 17 18 20 | 20.6
Fighting       | 4 6 8 9 11 12 13 14 | 14.2
Armour         | 4 5 7 9 11 12 13 14 | 14.2
Dodging        | |  2.1

Action                   |  1- 3 |  4- 6 |  7- 9 | 10-12 | 13-15 || total
-------------------------+-------+-------+-------+-------+-------++-------
Melee: Hand axe          |    97 |   139 |    58 |       |       ||   294
       Headbutt          |     8 |    23 |    60 |   138 |    99 ||   328
       War axe           |       |       |   218 |   318 |       ||   536
       Broad axe         |       |       |       |   322 |   424 ||   746
Invok: Berserk           |     1 |     4 |     4 |     3 |     3 ||    15
       Trog's Hand       |       |     2 |     7 |     6 |     2 ||    17
  Use: Potion            |       |     6 |     6 |     2 |       ||    14
       Scroll            |       |     7 |    10 |     6 |     3 ||    26
  Eat: Chunk             |     2 |     9 |    18 |    31 |    16 ||    76
       Beef jerky        |     1 |       |       |       |       ||     1
       Fruit             |       |     1 |       |       |       ||     1
Armor: Ring mail         |    27 |    35 |    15 |       |       ||    77
       Animal skin       |     1 |       |       |       |       ||     1
       Plate armour      |       |       |    68 |   381 |   176 ||   625
Dodge: Dodged            |    58 |    85 |    94 |   213 |   125 ||   575
